 Dungeon Crawl Stone Soup version 0.18-b1-18-g7758cf2 (webtiles) character file.

391 manyhoops the Chopper (level 6, 0/79 HPs)
             Began as a Hill Orc Gladiator on May 2, 2016.
             Succumbed to an orc wizard's poison
             ... on level 3 of the Dungeon.
             The game lasted 00:05:23 (3207 turns).

manyhoops the Chopper (Hill Orc Gladiator)          Turns: 3207, Time: 00:05:24

Health: 0/79       AC: 23    Str: 20    XL:     6   Next: 80%
Magic:  3/6        EV:  2    Int:  6    God:
Gold:   90         SH:  0    Dex: 18    Spells: 0 memorised, 5 levels left

rFire  . . .     SeeInvis .     a - +0 war axe
rCold  . . .     Gourm    .     (armour currently unavailable)
rNeg   + + +     Faith    .     (no shield)
rPois  +         Spirit   +     (helmet currently unavailable)
rElec  .         Dismiss  .     (cloak currently unavailable)
rCorr  .         Reflect  .     (gloves currently unavailable)
SustAt .         Harm     .     (boots currently unavailable)
MR     .....     NoTele   +     s - amulet of guardian spirit
Stlth  +++.......               A - -2 ring of intelligence (curse)
                                g - +2 ring of dexterity

@: agile, lethally poisoned (0 -> -13), tree-form, not resistant to hostile
enchantments, fairly stealthy
A: no striking features
a: no special abilities


You were on level 3 of the Dungeon.
You were not hungry.
You were a tree.
You visited 1 branch of the dungeon, and saw 4 of its levels.

You collected 90 gold pieces.

Inventory:

Hand Weapons
 a - a +0 war axe (weapon)
 v - a +0 mace of protection
Missiles
 d - 3 throwing nets (quivered)
Armour
 c - a +0 helmet (melded)
 e - a +0 cloak (melded)
 p - a +0 chain mail (melded)
Jewellery
 g - a +2 ring of dexterity (left branch)
 l - an uncursed ring of protection from fire
 o - an uncursed amulet of faith
 r - an uncursed ring of protection from magic
 s - an amulet of guardian spirit (around neck)
 y - a +4 ring of dexterity
 A - a cursed -2 ring of intelligence (right branch)
Scrolls
 f - a scroll of random uselessness {unknown}
 i - a scroll of fog
 k - a scroll of blinking
 m - a scroll of recharging
 n - 2 scrolls of identify
Potions
 h - a potion of brilliance {unknown}
 j - a potion of curing {unknown}
 t - a potion of berserk rage {unknown}
 x - a potion of flight {unknown}
 z - a potion of invisibility {unknown}
Comestibles
 q - 4 chunks of flesh
 u - a meat ration


   Skills:
 + Level 4.4 Fighting
 + Level 6.8 Axes
 - Level 1.7 Throwing
 + Level 4.3 Armour
 - Level 2.4 Dodging


You had 5 spell levels left.
You didn't know any spells.

Dungeon Overview and Level Annotations

Branches:
Dungeon (4/15)
 Temple: D:4-7

Altars:
Ashenzari


Message History

The orc wizard casts a spell at you. The magic dart hits you!
* * * LOW HITPOINT WARNING * * *
The orc hits you but does no damage.
You climb upwards.
* * * LOW HITPOINT WARNING * * *
You feel sick.
There is a stone staircase leading down here.
You turn into a tree.
Your +0 cloak melds into your body.
Your +0 helmet melds into your body.
Your +0 chain mail melds into your body.
Your roots penetrate the ground.
* * * LOW HITPOINT WARNING * * *
You feel sick.
The orc wizard hits you but does no damage.
The orc hits you but does no damage.
The orc wizard hits you but does no damage.
It was a potion of agility.
You feel agile all of a sudden.
You die...

#.# ########.# ###.###.....##.#
#.....'......#.#############
#.#.###......#.##...........
#.#.# #......#.##.##########
#.#.# #......#.##.#....#....
####+#.# #......#.##.#....#.###
#.....># #.....o#.##.#.####.#..
#......# #...o♣.#.##.#.........
#..>..####......#....#....#.#..
#..........####.####......#.#..
#......##...# #...........#.###
####'#.##...########......#...+
#.#.##..............#..#####
#.#.########..#####.#..# #
#.#.###### #..#...#.#..# #
#.#.#....###..#.###.#..#


You could see an orc wizard and an orc.

Vanquished Creatures
  An ogre (D:3)
  A sky beast (D:3)
  4 orc wizards (D:3)
  3 adders
  An ooze (D:1)
  2 worms (D:2)
  A dart slug (D:3)
  4 giant geckos
  3 orcs (D:3)
  4 bats
  5 giant cockroaches
  5 goblins
  3 hobgoblins
  4 jackals (D:1)
  7 kobolds
  3 giant newts (D:1)
  3 rats (D:3)
54 creatures vanquished.

Notes
Turn   | Place    | Note
--------------------------------------------------------------
     0 | D:1      | manyhoops the Hill Orc Gladiator began the quest for the Orb.
     0 | D:1      | Reached XP level 1. HP: 18/18 MP: 1/1
    41 | D:1      | Reached XP level 2. HP: 13/25 MP: 2/2
   294 | D:1      | Reached skill level 1 in Armour
   827 | D:2      | Reached XP level 3. HP: 30/30 MP: 3/3
  1067 | D:2      | Reached skill level 5 in Axes
  1328 | D:2      | Found a shattered altar of Ashenzari.
  1513 | D:2      | Reached XP level 4. HP: 38/38 MP: 4/4
  2505 | D:3      | Reached XP level 5. HP: 45/45 MP: 5/5
  2534 | D:3      | Reached skill level 6 in Axes
  2652 | D:3      | Noticed a sky beast
  2678 | D:3      | Killed a sky beast
  2678 | D:3      | Reached XP level 6. HP: 15/52 MP: 1/6
  3206 | D:3      | HP: 2/79 [poisoned by an orc wizard]
  3207 | D:3      | Succumbed to an orc wizard's poison

Skill      XL: |  1  2  3  4  5 |
---------------+----------------+-----
Armour         | 1 3 4 |  4.3
Fighting       | 3 4 |  4.4
Axes           | 5 6 |  6.8
Throwing       | |  1.7
Dodging        | |  2.4

Action                   |  1- 3 |  4- 6 || total
-------------------------+-------+-------++-------
Melee: War axe           |   112 |   111 ||   223
  Use: Scroll            |     1 |     5 ||     6
       Potion            |       |     3 ||     3
  Eat: Chunk             |     1 |     3 ||     4
       Bread ration      |       |     1 ||     1
Armor: Leather armour    |    45 |       ||    45
       Chain mail        |       |    74 ||    74
       Skin              |       |     6 ||     6
Dodge: Dodged            |    88 |    36 ||   124
